 Dungeon Crawl Stone Soup version 0.29.1-15-g9cfb28693d (webtiles) character file.

Game seed: 10727533427492710690

231 Peloso the Covered (level 5, -10/47 HPs)
             Began as a Minotaur Fighter on Apr 27, 2023.
             Mangled by a gnoll bouda
             ... wielding a +0 whip
              (11 damage)
             ... on level 3 of the Dungeon.
             The game lasted 00:05:54 (3745 turns).

Peloso the Covered (Minotaur Fighter)               Turns: 3745, Time: 00:05:55

Health: -10/47     AC: 13    Str: 20    XL:     5   Next: 72%
Magic:  4/4        EV:  5    Int:  5    God:
Gold:   119        SH:  5    Dex: 12    Spells: 4/4 levels left

rFire   . . .      SeeInvis .   a - +0 long sword
rCold   . . .      Faith    .   d - +0 buckler
rNeg    . . .      Spirit   .   c - +0 plate armour
rPois   .          Reflect  .   (helmet restricted)
rElec   .          Harm     .   (no cloak)
rCorr   .          Rampage  .   o - +0 pair of gloves
Will    .....                   (no boots)
Stlth   ..........              (no amulet)
HPRegen 0.15/turn               (no ring)
MPRegen 0.09/turn               (no ring)

@: weakened
A: horns 2, retaliatory headbutt
a: no special abilities


You were on level 3 of the Dungeon.
You visited 1 branch of the dungeon, and saw 4 of its levels.

You collected 119 gold pieces.

Inventory:

Hand Weapons
 a - a +0 long sword (weapon)
Armour
 b - a +0 scale mail
 c - a +0 plate armour (worn)
 d - a +0 buckler (worn)
 o - a +0 pair of gloves (worn)
Jewellery
 q - a ring of resist corrosion
Wands
 g - a wand of charming (10)
Scrolls
 e - a scroll of vulnerability {unknown}
 f - 3 scrolls of magic mapping {unknown}
 k - a scroll of fear {unknown}
 l - 4 scrolls of teleportation
 r - a scroll of enchant weapon {unknown}
 s - a scroll of brand weapon {unknown}
Potions
 h - a potion of lignification {unknown}
 i - a potion of might
 m - a potion of ambrosia {unknown}
 n - a potion of curing {unknown}
 p - a potion of cancellation {unknown}


   Skills:
 + Level 4.5 Fighting
 + Level 5.0 Long Blades
 + Level 5.0 Armour
 + Level 4.7 Shields


You had 4 spell levels left.
You didn't know any spells.
Your spell library contained the following spells:

 Spells                   Type           Power      Damage    Failure   Level
 Blink                    Tloc           0%         N/A       100%        2
 Conjure Flame            Conj/Fire      0%         6-21      100%        3
 Ignite Poison            Fire/Tmut/Pois 0%         N/A       100%        3
 Lesser Beckoning         Tloc           0%         N/A       100%        3
 Sticky Flame             Conj/Fire      0%         2d3       100%        4
 Manifold Assault         Tloc           0%         N/A       100%        5


Dungeon Overview and Level Annotations

Branches:
Dungeon (4/15)
 Temple: D:4-7

Altars:
Ashenzari
Wu Jian


Innate Abilities, Weirdness & Mutations

You have a pair of horns on your head.
You reflexively headbutt those who attack you in melee.


Message History

You hit the gnoll bouda but do no damage.
The gnoll bouda is almost dead.
The gnoll is no longer moving quickly.
The gnoll bouda barks out a call to the hunt!
The gnoll picks up the pace!
The gnoll hits you with a +0 flail!
* * * LOW HITPOINT WARNING * * *
The gnoll bouda gazes fiercely through you!
You feel as though you will be weak longer.
The gnoll bouda hits you but does no damage.
You hit the gnoll bouda but do no damage.
The gnoll bouda is almost dead.
The gnoll hits you but does no damage.
The gnoll bouda hits you but does no damage.
Unknown command.
You barely miss the gnoll bouda.
The gnoll bouda is almost dead.
The gnoll barely misses you.
The gnoll bouda gazes fiercely through you!
You feel as though you will be weak longer.
The gnoll bouda hits you but does no damage.
You barely miss the gnoll bouda.
The gnoll bouda is almost dead.
You block the gnoll's attack.
The gnoll bouda gazes fiercely through you!
You feel as though you will be weak longer.
The gnoll bouda hits you with a +0 whip.
* * * LOW HITPOINT WARNING * * *
You hit the gnoll bouda but do no damage.
You headbutt the gnoll bouda, but do no damage.
The gnoll bouda is severely wounded.
The gnoll hits you but does no damage.
The gnoll bouda hits you with a +0 whip.
* * * LOW HITPOINT WARNING * * *
The gnoll hits you but does no damage.
You hit the gnoll bouda but do no damage.
Your headbutt misses the gnoll bouda.
The gnoll bouda is severely wounded.
The gnoll bouda hits you with a +0 whip!
You die...

#..........# #..........# ###
#..........# ..# #..........# ..#
##..........##### ..#
##.........>...... ###
#.............##.. #
##.#..........##..# #### #####
###.@g..###..#..#..#.
...####...###...g.#..............
.#...##...##..###...............#
.#...##......## ##..............#
......#...#### #............###
.#....#...# ###....####...####
.#....#...# ###............†....
.......[..# #........#####..####
.#....##..####.##.#......#.......


You could see a gnoll bouda and a gnoll (swift).

Vanquished Creatures
  An orc priest (D:3)
  An orc wizard (D:4)
  8 adders
  A gnoll (D:4)
  2 worms
  A dart slug (D:3)
  13 orcs
  8 ball pythons
  2 endoplasms (D:1)
  2 giant cockroaches (D:1)
  5 goblins
  7 hobgoblins
  4 jackals (D:3)
  5 kobolds
  A quokka (D:1)
  5 bats
  4 frilled lizards
  4 rats
74 creatures vanquished.

Notes
Turn   | Place    | Note
-------+----------+-------------------------------------------
     0 | D:1      | Peloso the Minotaur Fighter began the quest for the Orb.
     0 | D:1      | Reached XP level 1. HP: 19/19 MP: 0/0
   233 | D:1      | Reached XP level 2. HP: 27/27 MP: 1/1
  1381 | D:2      | Reached XP level 3. HP: 33/33 MP: 2/2
  1541 | D:2      | Reached XP level 4. HP: 26/40 MP: 3/3
  2490 | D:3      | Found a broken altar of Ashenzari.
  2601 | D:3      | Reached XP level 5. HP: 15/46 MP: 4/4
  2602 | D:3      | HP: 2/46 [orc/+0 hand axe (4)]
  2603 | D:3      | Reached skill level 5 in Armour
  3218 | D:3      | Found a faded altar of an unknown god.
  3253 | D:4      | Found an ornate altar of the Wu Jian Council.
  3411 | D:4      | Reached skill level 5 in Long Blades
  3744 | D:3      | HP: 1/47 [gnoll bouda/+0 whip (3)]
  3745 | D:3      | Mangled by a gnoll bouda

Illustrated notes

Levels and vault maps discovered:
D:1:      sevenhm_arrival_forest_fort_large_2, layout_basic,
          hangedman_abyss_or_decor_lesser_grid
D:2:      layout_basic, minivault_19, minmay_misc_feat_diagonals,
          kennysheep_generic_room_9
D:3:      layout_rooms, ashenzari_altar_1, dilly_ecumenical_altar_fadedgnrine,
          nicolae_concentric_dashed_squares_wild, st_stairs_3
D:4:      layout_loops_ring, mainiacjoe_overflow_six_doors_small,
          mainiacjoe_overflow_concentric_impassable, tgw_xom,
          amcnicky_altar_gilded

Skill      XL: |  1  2  3  4  5 |
---------------+----------------+-----
Armour         | 4 5 |  5.0
Shields        | 4 |  4.7
Fighting       | 4 |  4.5
Long Blades    | 3 4 5 |  5.0

Action                   |  1- 3 |  4- 6 || total
-------------------------+-------+-------++-------
Melee: Long sword        |    78 |   122 ||   200
       Headbutt          |     6 |    18 ||    24
  Use: Scroll            |       |     2 ||     2
       Potion            |       |     3 ||     3
Armor: Scale mail        |    16 |       ||    16
       Plate armour      |    42 |   122 ||   164
Dodge: Dodged            |    27 |    63 ||    90
Block: Buckler           |    22 |    48 ||    70
